 Dungeon Crawl Stone Soup version 0.20-a0-983-g35de22d (webtiles) character file.

86 Ordine the Magician (level 4, -1/27 HPs)
             Began as an Octopode Wizard on Apr 10, 2017.
             Slain by an orc
             ... wielding a +0 mace
              (10 damage)
             ... on level 2 of the Dungeon.
             The game lasted 00:08:24 (2561 turns).

Ordine the Magician (Octopode Wizard)               Turns: 2561, Time: 00:08:25

Health: -1/27      AC:  1    Str:  6    XL:     4   Next: 50%
Magic:  8/10       EV: 13    Int: 21    God:
Gold:   65         SH:  0    Dex: 10    Spells: 2/11 levels left

rFire    . . .     SeeInvis .   m - +3 dagger (pain)
rCold    . . .     Gourm    .   (no shield)
rNeg     . . .     Faith    .   a - +0 hat
rPois    .         Spirit   .   l - amulet of magic regeneration
rElec    .         Reflect  .   (no ring)
rCorr    .         Harm     .   (no ring)
MR       .....                  (no ring)
Stlth    +++.......             (no ring)
Regen    0.1/turn               (no ring)
MPRegen  0.2/turn               (no ring)
                                (no ring)
                                (no ring)

@: no status effects
A: almost no armour, stealthy swim, amphibious, 8 rings, constrict 8, camouflage
1, mutation resistance 1, gelatinous body 1
a: no special abilities


You were on level 2 of the Dungeon.
You were near starving.

You visited 1 branch of the dungeon, and saw 3 of its levels.

You collected 65 gold pieces.

Inventory:

Hand Weapons
 f - a +3 dagger of freezing
 m - a +3 dagger of pain (weapon)
Armour
 a - a +0 hat (worn)
Jewellery
 l - an amulet of magic regeneration (around mantle)
Scrolls
 h - 3 scrolls of magic mapping
 k - 3 scrolls of amnesia
Potions
 d - a potion of invisibility
 e - a potion of mutation
 g - a potion of experience {unknown}
 j - a potion of might {unknown}
Books
 b - a book of Minor Magic

   Spells                             Type                      Level
   a - Magic Dart                     Conjuration                  1
   b - Blink                          Translocation                2
   c - Call Imp                       Summoning                    2
   d - Slow                           Hexes                        2
   e - Conjure Flame                  Conjuration/Fire             3
   f - Mephitic Cloud                 Conjuration/Poison/Air       3
Comestibles
 c - 3 bread rations
 i - a fruit


   Skills:
 - Level 2.0 Dodging
 - Level 3.0 Stealth
 * Level 4.0 Spellcasting
 + Level 2.0 Conjurations
   Level 1.0 Summonings
 + Level 1.8 Translocations
 + Level 0.4 Fire Magic
 + Level 0.4 Air Magic


You had 2 spell levels left.
You knew the following spells:

 Your Spells              Type           Power        Failure   Level  Hunger
a - Magic Dart            Conj           ##..         6%          1    None
b - Blink                 Tloc           N/A          12%         2    #......
c - Conjure Flame         Conj/Fire      #.......     24%         3    ###....
d - Mephitic Cloud        Conj/Pois/Air  #.......     30%         3    ###....


Dungeon Overview and Level Annotations

Branches:
Dungeon (3/15)

Altars:


Innate Abilities, Weirdness & Mutations

You cannot wear most types of armour.
You are very stealthy in the water. (Stealth+)
You are amphibious.
You can wear up to eight rings at the same time.
You can use your tentacles to constrict eight enemies at once.
Your skin changes colour to match your surroundings (Stealth+).
Your rubbery body absorbs attacks. (AC +1, EV +1)
You are somewhat resistant to further mutation.


Message History

* * * LOW HITPOINT WARNING * * *
It was a potion of mutation.
You feel extremely strange.
You feel genetically stable. The orc barely misses you.
Casting: Magic Dart
Confirm with . or Enter, or press ? or * to list all spells.
Aiming: Magic Dart
Press: ? - help, Shift-Dir - straight line, f - orc
Aim: an orc, wielding a mace (moderately wounded)
The magic dart hits the orc.
The orc is heavily wounded.
Casting: Magic Dart
Confirm with . or Enter, or press ? or * to list all spells.
Aiming: Magic Dart
Press: ? - help, Shift-Dir - straight line, f/p - orc
Aim: an orc, wielding a mace (heavily wounded)
The magic dart hits the orc.
The orc is heavily wounded.
The orc hits you with a mace!
You die...

#### ##..## ###8..8## #.......##
#.(..>...# #l#8.[8#.# #o##..##.#
#@o..###.## #..[......#
########.........#
#......#.........#
#......#.........#
#########......#.........########
.................................
###.#####......#........(#.######
#.# #......#####.....#.#


You could see 2 orcs and a frilled lizard.

Vanquished Creatures
  An orc wizard (D:2)
  An adder (D:2)
  An ooze (D:2)
  2 dart slugs (D:1)
  2 leopard geckos
  A giant cockroach (D:1)
  6 goblins
  4 hobgoblins
  2 jackals (D:1)
  4 bats
  4 frilled lizards
  6 kobolds
  5 rats
39 creatures vanquished.

Notes
Turn   | Place    | Note
-------+----------+-------------------------------------------
     0 | D:1      | Ordine the Octopode Wizard began the quest for the Orb.
     0 | D:1      | Reached XP level 1. HP: 11/11 MP: 4/4
   249 | D:1      | Reached XP level 2. HP: 17/17 MP: 3/6
   660 | D:1      | Learned a level 2 spell: Blink
  1041 | D:1      | Reached XP level 3. HP: 21/21 MP: 5/8
  1677 | D:2      | Learned a level 3 spell: Conjure Flame
  1681 | D:2      | Learned a level 3 spell: Mephitic Cloud
  2284 | D:3      | Reached XP level 4. HP: 27/27 MP: 5/9
  2300 | D:2      | Reached skill level 4 in Spellcasting
  2559 | D:2      | Gained mutation: You are somewhat resistant to further mutation. [potion of mutation]
  2561 | D:2      | Slain by an orc

Vault maps used:
D:1:      moated_graveyard_arrival
D:2:      st_stairs_6
D:3:      ashenzari_altar_1

Skill      XL: |  1  2  3  4 |
---------------+-------------+-----
Stealth        | 3 |  3.0
Spellcasting   | 4 |  4.0
Conjurations   | 2 |  2.0
Dodging        | |  2.0
Summonings     | |  1.0
Translocations | |  1.8
Fire Magic     | |  0.4
Air Magic      | |  0.4

Action                   |  1- 3 |  4- 6 || total
-------------------------+-------+-------++-------
Melee: Unarmed           |    22 |       ||    22
       Constrict         |     6 |     1 ||     7
       Tentacles         |     1 |       ||     1
       Dagger            |       |     6 ||     6
 Cast: Magic Dart        |    88 |    11 ||    99
  Use: Scroll            |     9 |       ||     9
       Potion            |       |     1 ||     1
  Eat: Chunk             |     3 |       ||     3
Armor: Skin              |     3 |     1 ||     4
Dodge: Dodged            |    30 |    14 ||    44
